 Dungeon Crawl Stone Soup version 0.29.0-7-g18a832c13a (webtiles) character file.

Game seed: 6817721829678951183

698 Tiocfaidh the Firebug (level 7, 0/51 HPs)
             Began as a Yellow Draconian Fire Elementalist on Aug 28, 2022.
             Was a Follower of Sif Muna.
             Slain by an ice beast (10 damage)
             ... on level 5 of the Dungeon on Aug 30, 2022.
             The game lasted 00:26:06 (4408 turns).

Tiocfaidh the Firebug (DrFE)                        Turns: 4408, Time: 00:26:07

Health: 0/51       AC:  6    Str: 11    XL:     7   Next: 38%
Magic:  4/14       EV: 12    Int: 17    God:    Sif Muna [*.....]
Gold:   273        SH:  0    Dex: 11    Spells: 12/15 levels left

rFire   . . .      SeeInvis .   y - +1 hand axe (elec)
rCold   . . .      Faith    +   (no shield)
rNeg    . . .      Spirit   .   (body armour unavailable)
rPois   .          Reflect  .   (helmet restricted)
rElec   .          Harm     .   (no cloak)
rCorr   +          Rampage  .   (no gloves)
Will    .....                   (no boots)
Stlth   ++........              r - amulet of faith
HPRegen 0.17/turn               l - ring of resist corrosion
MPRegen 0.14/turn               o - ring of flight

@: flying, slowed, very slow
A: spit acid, AC +6, unfitting armour, cold-blooded, acid resistance
a: Breathe Acid, Renounce Religion, Channel Magic


You were on level 5 of the Dungeon.
You worshipped Sif Muna.
Sif Muna was aware of your devotion.
You visited 1 branch of the dungeon, and saw 6 of its levels.

You collected 273 gold pieces.

Inventory:

Hand Weapons
 y - a +1 hand axe of electrocution (weapon)
Missiles
 b - 3 javelins
Jewellery
 l - a ring of resist corrosion (left hand)
 o - a ring of flight (right hand)
 r - an amulet of faith (around neck)
 u - an amulet of magic regeneration
Scrolls
 a - a scroll of torment {unknown}
 d - 2 scrolls of teleportation {unknown}
 g - a scroll of enchant weapon {unknown}
 j - 2 scrolls of butterflies {unknown}
 k - a scroll of summoning {unknown}
 m - a scroll of silence {unknown}
 q - a scroll of amnesia {unknown}
 s - 4 scrolls of magic mapping {unknown}
 w - a scroll of blinking {unknown}
 x - a scroll of fear {unknown}
Potions
 e - a potion of attraction
 f - a potion of lignification {unknown}
 h - a potion of invisibility {unknown}
 i - 2 potions of haste {unknown}
 n - a potion of brilliance {unknown}
 p - a potion of flight {unknown}
 t - a potion of curing {unknown}
 v - a potion of cancellation {unknown}


   Skills:
 + Level 0.5 Fighting
 + Level 1.2 Polearms
 + Level 0.1 Throwing
 + Level 1.9 Dodging
 + Level 2.9 Stealth
 + Level 4.8 Spellcasting
 + Level 2.0 Conjurations
 + Level 6.1 Fire Magic


You had 12 spell levels left.
You knew the following spells:

 Your Spells              Type           Power      Damage    Failure   Level
a - Foxfire               Conj/Fire      68%        2x1d7     2%          1
b - Scorch                Fire           48%        2d7       1%          2

Your spell library contained the following spells:

 Spells                   Type           Power      Damage    Failure   Level
 Conjure Flame            Conj/Fire      17%        6-21      9%          3
 Inner Flame              Hex/Fire       14%        N/A       12%         3
 Ensorcelled Hibernation  Hex/Ice        8%         N/A       22%         2
 Passwall                 Tmut/Erth      3%         N/A       22%         2
 Flame Wave               Conj/Fire      17%        2d7       26%         4
 Swiftness                Air            4%         N/A       41%         3


Dungeon Overview and Level Annotations

Branches:
Dungeon (6/15)             Temple (0/1) D:5

Altars:
Gozag
Sif Muna

Annotations:
D:5 Ijyb


Innate Abilities, Weirdness & Mutations

You can spit globs of acid.
Your golden yellow scales are hard. (AC +6)
You cannot fit into any form of body armour.
You are cold-blooded and may be slowed by cold attacks.
You are resistant to acid. (rCorr)


Message History

The orc wizard barely misses you.
Things that are here:
a +0 hand axe; a +0 leather armour You hit the orc wizard but do no damage.
Lightning courses through the orc wizard!
You kill the orc wizard!
Sif Muna accepts your kill.
Your Fire Magic skill increases to level 6!
You hit the iguana.
The iguana is lightly wounded.
The iguana closely misses you. The iguana completely misses you.
You hit the iguana but do no damage.
The iguana is lightly wounded.
The iguana misses you.
You closely miss the iguana.
The iguana is lightly wounded.
The iguana bites you!
You hit the iguana.
The iguana is moderately wounded.
The iguana bites you! The iguana barely misses you.
You closely miss the iguana.
The iguana is moderately wounded.
The iguana closely misses you. The iguana attacks as you move away!
The iguana closely misses you. The iguana attacks as you move away!
The iguana barely misses you. The iguana attacks as you move away!
The iguana bites you. The iguana attacks as you move away!
The iguana bites you! The iguana attacks as you move away!
The iguana barely misses you. The iguana attacks as you move away!
The iguana closely misses you. The iguana attacks as you move away!
The iguana barely misses you.
Found 3 gold pieces.
The ice beast attacks as you move away! The ice beast hits you.
The ice beast freezes you!
You feel yourself slow down.
* * * LOW HITPOINT WARNING * * *
Found a thick smoking staff.
The ice beast attacks as you move away! The ice beast hits you.
* * * LOW HITPOINT WARNING * * *
The ice beast freezes you!
You feel as though you will be slow longer.
You die...

##### #.....##.....#
####...#####....##......###
#..#...#..##...##.........#
#...............#..##.....##
##.............##..........#
###..#.#..........##........####
..##.#.#.......................##
.................Y..........#...#
....#...........@l..........#....
....##........#......#...........
.....##..............###.....##..
................###...#..##..#)..
.......##..$...# #..........)#..
......## .....# #.####...#.##).
..#...# ....$ ... .......#).
##.##.# |.... ... .....#...#
...#..# ... ##.##


You could see an ice beast and an iguana.

Vanquished Creatures
  Sigmund (D:3)
  A necrophage (D:4)
  A scorpion (D:5)
  2 howler monkeys (D:6)
  A hound (D:5)
  An orc priest (D:5)
  3 iguanas
  3 orc wizards
  4 adders
  2 ufetubi (D:4)
  A worm (D:3)
  2 dart slugs
  17 orcs
  3 ball pythons
  2 bats
  7 endoplasms
  4 giant cockroaches
  3 hobgoblins
  3 quokkas
  A frilled lizard (D:1)
  3 goblins
  4 kobolds
  4 rats
73 creatures vanquished.

Vanquished Creatures (others)
  35 foxfires
35 creatures vanquished.

Grand Total: 108 creatures vanquished

Notes
Turn   | Place    | Note
-------+----------+-------------------------------------------
     0 | D:1      | Tiocfaidh the Draconian Fire Elementalist began the quest
                  | for the Orb.
     0 | D:1      | Reached XP level 1. HP: 14/14 MP: 3/3
   232 | D:1      | Reached XP level 2. HP: 20/20 MP: 1/5
   235 | D:1      | Learned a level 2 spell: Scorch
   782 | D:1      | Found a faded altar of an unknown god.
  1366 | D:2      | Reached XP level 3. HP: 23/26 MP: 1/6
  1430 | D:2      | You fall into a shaft and drop 2 floors!
  1892 | D:3      | Found a shimmering blue altar of Sif Muna.
  1900 | D:3      | Became a worshipper of Sif Muna the Loreminder
  1951 | D:3      | Noticed Sigmund
  1958 | D:3      | Killed Sigmund
  1959 | D:3      | Reached skill level 1 in Polearms
  1959 | D:3      | Reached skill level 4 in Fire Magic
  1959 | D:3      | Reached XP level 4. HP: 24/34 MP: 0/8
  1959 | D:3      | Reached XP level 5. HP: 28/39 MP: 0/9
  2693 | D:4      | Upgraded the game from 0.29.0-5-ge4962eb29e to
                  | 0.29.0-7-g18a832c13a
  2818 | D:4      | Reached * piety under Sif Muna
  2819 | D:4      | Reached XP level 6. HP: 46/46 MP: 2/11
  3170 | D:4      | Reached skill level 5 in Fire Magic
  3510 | D:4      | Found an opulent altar of Gozag.
  3694 | D:5      | Entered Level 5 of the Dungeon
  3694 | D:5      | Noticed an ice beast
  3807 | D:5      | Found a staircase to the Ecumenical Temple.
  3854 | D:5      | Your scales start taking on a golden yellow colour.
  3854 | D:5      | Reached XP level 7. HP: 47/51 MP: 0/13
  3854 | D:5      | Gained mutation: You are resistant to acid. (rCorr) [Yellow
                  | Draconian growth]
  3985 | D:5      | Noticed Ijyb
  4384 | D:5      | Reached skill level 6 in Fire Magic
  4408 | D:5      | Slain by an ice beast

Illustrated notes

Levels and vault maps discovered:
D:1:      dpeg_arrival_shrine, layout_loops_cross,
          shapermc_ecumenical_altar_acropolis, minmay_misc_feat_rows,
          serial_bayou_crossing
D:2:      minmay_general_purpose_star, layout_basic
D:3:      layout_rooms, mainiacjoe_overflow_chevrons, uniq_sigmund
D:4:      layout_loops_corners, nicolae_gozag_cash_rules_everything_around_me
D:5:      layout_cave_pools, temple_fountains, uniq_ijyb
D:6:      layout_loops_ring, gammafunk_temple_overflow_arena,
          dancing_weapons_uskayaw, nicolae_tso_carved_into_rock, uniq_menkaure,
          uniq_edmund

Skill      XL: |  1  2  3  4  5  6  7 |
---------------+----------------------+-----
Stealth        | 2 |  2.9
Polearms       | 1 |  1.2
Spellcasting   | 3 4 |  4.8
Conjurations   | 2 |  2.0
Fire Magic     | 4 5 6 |  6.1
Fighting       | |  0.5
Throwing       | |  0.1
Dodging        | |  1.9

Action                   |  1- 3 |  4- 6 |  7- 9 || total
-------------------------+-------+-------+-------++-------
Melee: Spear             |    23 |     8 |       ||    31
       Tailslap          |     2 |     1 |       ||     3
       Hand axe          |       |       |     6 ||     6
Throw: Javelin           |     3 |       |       ||     3
 Cast: Foxfire           |    21 |     2 |       ||    23
       Scorch            |    15 |    48 |    20 ||    83
  Use: Potion            |     2 |       |       ||     2
 Stab: Sleeping          |     1 |       |       ||     1
Armor: Skin              |    15 |     4 |       ||    19
Dodge: Dodged            |    25 |    12 |    14 ||    51
